 Dungeon Crawl Stone Soup version 0.27-a0-972-gd1521fd518 (webtiles) character file.

Game seed: 13013939898201019849

1698 Froggeryz the Grappler (level 9, 0/93 HPs)
             Began as a Barachi Wanderer on Apr 13, 2021.
             Was a Follower of Okawaru.
             Succumbed to a hornet's poison
             ... while paralysed by a hornet
             ... on level 7 of the Dungeon.
             The game lasted 00:11:17 (7664 turns).

Froggeryz the Grappler (Barachi Wanderer)           Turns: 7664, Time: 00:11:17

Health: 0/93       AC: 13    Str: 13    XL:     9   Next: 3%
Magic:  15/15      EV:  2    Int: 12    God:    Okawaru [*.....]
Gold:   371        SH:  0    Dex: 14    Spells: 16/16 levels left

rFire    . . .     SeeInvis .     - Unarmed
rCold    + . .     Faith    .   (no shield)
rNeg     . . .     Spirit   .   m - +2 chain mail {rC+}
rPois    .         Reflect  .   (no helmet)
rElec    .         Harm     .   (no cloak)
rCorr    .         Rampage  .   q - +0 pair of gloves
Will     +....     Clarity  +   v - +0 pair of boots
Stlth    ..........             (no amulet)
HPRegen  0.25/turn              f - ring of willpower
MPRegen  0.14/turn              (no ring)

@: paralysed, berserking, lethally poisoned (0 -> -24), slowed, slow
A: +LOS, amphibious, slowness 1, strong legs 1, fangs 1, large bone plates 1,
clarity, weak 1
a: Hop, Renounce Religion, Heroism


You were on level 7 of the Dungeon.
You worshipped Okawaru.
Okawaru was aware of your devotion.
You visited 2 branches of the dungeon, and saw 8 of its levels.
You visited the Abyss 1 time.
You also visited: Sewer.

You collected 473 gold pieces.
You spent 102 gold pieces at shops.

Inventory:

Missiles
 h - 16 javelins
 i - 56 poisoned darts (quivered)
Armour
 c - +0 acid dragon scales
 m - a +2 chain mail of cold resistance (worn)
 q - a +0 pair of gloves (worn)
 v - a +0 pair of boots (worn)
Jewellery
 f - a ring of willpower (left hand)
Scrolls
 a - a scroll of magic mapping {unknown}
 k - a scroll of enchant armour {unknown}
 l - a scroll of summoning {unknown}
 n - a scroll of holy word {unknown}
 p - 3 scrolls of teleportation
 r - a scroll of noise {unknown}
 s - a scroll of blinking {unknown}
Potions
 d - a potion of flight
 g - a potion of attraction


   Skills:
 - Level 2.4 Fighting
 - Level 1.1 Staves
 - Level 1.0 Throwing
 - Level 3.0 Armour
 - Level 2.1 Dodging
 - Level 2.6 Stealth
 - Level 1.1 Shields
 * Level 10.7 Unarmed Combat
 - Level 4.0 Spellcasting


You had 16 spell levels left.
You didn't know any spells.
Your spell library contained the following spells:

 Spells                   Type           Power      Damage    Failure   Level
 Animate Skeleton         Necr           4%         N/A       100%        1
 Apportation              Tloc           4%         N/A       100%        1
 Corona                   Hex            2%         N/A       100%        1
 Summon Small Mammal      Summ           8%         N/A       100%        1


Dungeon Overview and Level Annotations

Branches:
Dungeon (7/15)             Temple (1/1) D:4           Sewer (visited)

Altars:
Ashenzari
Cheibriados
Dithmenos
Elyvilon
Kikubaaqudgha
Nemelex Xobeh
Okawaru
Qazlal
Sif Muna
Trog
Uskayaw
Vehumet
Wu Jian
Xom
Yredelemnul
Zin

Shops:
D:3 *

Annotations:
D:3 3 runed translucent doors, waddelsworth's ghost, amateur GnCj


Innate Abilities, Weirdness & Mutations

You can be seen from farther away. (+LOS)
You are amphibious.
You cover ground slowly.
You can hop short distances.
You have very sharp teeth.
You are partially covered in large bone plates. (SH +4)
You possess an exceptional clarity of mind.
You are weak. (Str -2)


Message History

You are too injured to fight recklessly!
You are too injured to fight recklessly!
You are too injured to fight recklessly!
You are too injured to fight recklessly!
You are too injured to fight recklessly!
You are too injured to fight recklessly!
You are too injured to fight recklessly!
Unknown command.
A red film seems to cover your vision as you go berserk!
You feel yourself moving faster!
You feel mighty!
You feel very sick. The hornet stings you.
You feel as though you will be slow longer.
The ice beast hits you but does no damage.
The hornet stings you!
* * * LOW HITPOINT WARNING * * *
You are lethally poisoned!
You feel as though you will be slow longer.
You hit the hornet but do no damage.
* * * LOW HITPOINT WARNING * * *
You feel very sick.
The hornet stings you but does no damage.
The ice beast hits you but does no damage.
You hit the hornet.
The hornet is lightly wounded.
* * * LOW HITPOINT WARNING * * *
You feel very sick. The hornet completely misses you.
The ice beast hits you but does no damage.
You barely miss the hornet.
The hornet is lightly wounded.
* * * LOW HITPOINT WARNING * * *
You feel very sick.
The hornet stings you but does no damage.
The ice beast hits you but does no damage.
The hornet stings you.
* * * LOW HITPOINT WARNING * * *
You are more poisoned.
You suddenly lose the ability to move!
You die...

# ###### ####### ..
##.....##.....## ...
#..............#....
..$................#
..................#
............)....#
.....(..<...)....#
.........Y@.....##
.........y......#
#...............#
..............#.#
............###..#
............# ..#
............# ...
............# ##
#........##


You could see a hornet and an ice beast.

Vanquished Creatures
  Maggie (D:6)
  2 small abominations (Abyss:2)
  Purgy (Sewer)
  A black bear (D:5)
  An ogre (D:5)
  A kobold brigand (D:6)
  A bullfrog (D:3)
  A scorpion (D:5)
  A wyvern skeleton (D:5)
  A howler monkey (D:6)
  A bullfrog zombie (D:6)
  A jelly (D:4)
  A gnoll shaman (D:5)
  4 hounds
  A bullfrog skeleton (D:6)
  A centaur skeleton (D:5)
  Terence (D:2)
  11 gnolls
  11 adders
  A shadow imp (D:5)
  2 ufetubi
  2 worms
  6 dart slugs
  11 orcs
  4 bats
  7 endoplasms
  5 giant cockroaches
  8 goblins
  4 hobgoblins
  10 jackals
  5 quokkas
  9 ball pythons
  3 frilled lizards
  10 kobolds
  5 rats
135 creatures vanquished.

Vanquished Creatures (others)
  2 fungi (D:3)
  2 plants (D:3)
4 creatures vanquished.

Grand Total: 139 creatures vanquished

Notes
Turn   | Place    | Note
-------+----------+-------------------------------------------
     0 | D:1      | Froggeryz the Barachi Wanderer began the quest for the Orb.
     0 | D:1      | Froggeryz set off with the following items: a +2
                  | quarterstaff, a potion of curing, a scroll of
                  | teleportation, a +0 robe, a +0 dagger
     0 | D:1      | Reached XP level 1. HP: 17/17 MP: 1/1
    33 | D:1      | Reached skill level 1 in Unarmed Combat
   208 | D:1      | Reached XP level 2. HP: 17/23 MP: 2/2
   446 | D:1      | Reached skill level 2 in Unarmed Combat
   960 | D:2      | Reached XP level 3. HP: 26/28 MP: 3/3
  1015 | D:2      | Reached skill level 3 in Unarmed Combat
  1267 | D:2      | Reached skill level 1 in Armour
  1300 | D:2      | Noticed Terence
  1307 | D:2      | Killed Terence
  1308 | D:2      | Reached XP level 4. HP: 6/34 MP: 4/4
  1671 | D:2      | Reached skill level 4 in Unarmed Combat
  1986 | D:3      | Found a faded altar of an unknown god.
  1991 | D:3      | Found a hide-covered altar of Uskayaw.
  2006 | D:3      | Found Jilaonn's Assorted Antiques.
  2007 | D:3      | Noticed a bullfrog
  2016 | D:3      | Killed a bullfrog
  2017 | D:3      | Reached XP level 5. HP: 38/39 MP: 5/5
  2029 | D:3      | Bought a scroll labelled TOUCAXKADIE for 21 gold pieces
  2029 | D:3      | Bought a scroll labelled TOUCAXKADIE for 21 gold pieces
  2029 | D:3      | Bought a scroll labelled JITIUGR TUJUL for 21 gold pieces
  2029 | D:3      | Bought a scroll labelled KARPHY SAENN for 21 gold pieces
  2029 | D:3      | Bought a grey potion for 18 gold pieces
  2070 | D:3      | Found a sparkling altar of Nemelex Xobeh.
  2102 | D:3      | Reached skill level 5 in Unarmed Combat
  2107 | D:3      | Found a runed translucent gate.
  2108 | D:3      | Found a runed translucent gate.
  2108 | D:3      | Noticed waddelsworth's ghost (amateur GnCj)
  2109 | D:3      | Found a runed translucent gate.
  2111 | D:3      | Noticed a kobold brigand
  2192 | D:3      | Found a radiant altar of Vehumet.
  2762 | D:3      | Reached XP level 6. HP: 38/46 MP: 6/6
  3107 | D:4      | Reached skill level 1 in Spellcasting
  3613 | D:4      | Found a staircase to the Ecumenical Temple.
  3642 | D:4      | Reached skill level 6 in Unarmed Combat
  3661 | Temple   | Entered the Ecumenical Temple
  3941 | Temple   | Became a worshipper of Warmaster Okawaru
  4241 | D:5      | Entered Level 5 of the Dungeon
  4284 | D:5      | Reached XP level 7. HP: 38/51 MP: 10/10
  4698 | D:5      | Reached skill level 7 in Unarmed Combat
  4712 | D:5      | Found a glowing drain.
  4737 | Sewer    | Entered a sewer
  4933 | Sewer    | Noticed Purgy
  4953 | Sewer    | Killed Purgy
  5675 | D:5      | Reached XP level 8. HP: 23/57 MP: 13/13
  5684 | D:5      | Reached skill level 8 in Unarmed Combat
  6086 | D:6      | Found a shimmering altar of Xom.
  6087 | D:6      | Found a shimmering altar of Xom.
  6089 | D:6      | Found a shimmering altar of Xom.
  6089 | D:6      | Found a shimmering altar of Xom.
  6090 | D:6      | Found a shimmering altar of Xom.
  6091 | D:6      | Found a shimmering altar of Xom.
  6413 | D:6      | Reached * piety under Okawaru
  6420 | D:6      | Reached skill level 9 in Unarmed Combat
  6786 | D:6      | Noticed Maggie
  6808 | D:6      | Cast into level 2 of the Abyss (Maggie)
  7061 | Abyss:2  | Noticed a raiju
  7076 | Abyss:2  | Gained mutation: Your body sometimes deteriorates upon
                  | taking damage. [a neqoxec]
  7077 | Abyss:2  | Gained mutation: You are weak. (Str -2) [a neqoxec]
  7080 | Abyss:2  | Gained mutation: Armour fits poorly on your strangely
                  | shaped body. [a neqoxec]
  7136 | Abyss:2  | Noticed a large abomination
  7145 | Abyss:2  | Noticed a guardian serpent
  7147 | D:6      | Escaped the Abyss
  7169 | D:6      | Killed Maggie
  7170 | D:6      | Reached skill level 10 in Unarmed Combat
  7170 | D:6      | Reached XP level 9. HP: 45/62 MP: 15/15
  7340 | D:6      | Lost mutation: Armour fits poorly on your strangely shaped
                  | body. [potion of mutation]
  7340 | D:6      | Lost mutation: Your body sometimes deteriorates upon taking
                  | damage. [potion of mutation]
  7340 | D:6      | Gained mutation: You have very sharp teeth. [potion of
                  | mutation]
  7340 | D:6      | Gained mutation: You possess an exceptional clarity of
                  | mind. [potion of mutation]
  7340 | D:6      | Gained mutation: You are partially covered in large bone
                  | plates. (SH +4) [potion of mutation]
  7351 | D:6      | Found a shimmering blue altar of Sif Muna.
  7610 | D:6      | Found a bloodstained altar of Trog.
  7650 | D:7      | Noticed a hornet
  7663 | D:7      | Paralysed by a hornet for 2 turns
  7664 | D:7      | Succumbed to a hornet's poison

Illustrated notes

Levels and vault maps discovered:
D:1:      zelgadis_glass_arrival_small, layout_rooms, serial_curves,
          eino_curves_04, eino_curves_02
D:2:      layout_rooms, kennysheep_crisscross, minmay_misc_feat_plants,
          grunt_ministairs_10, uniq_terence
D:3:      layout_loops_ring, lemuel_crystal_altar, lemuel_tele_altar,
          general_overflow_altar, gammafunk_ghost_nasty_kobolds,
          basic_ecumenical_altar, serial_shops, shop, minmay_quadrilaterals
D:4:      layout_loops_ring, minmay_temple_entry_mist,
          chequers_serial_rivers_large_b
D:5:      layout_loops_cross, portal_sewer_entry_d, hangedman_decor_push
D:6:      layout_loops_ring, lightli_temple_of_fire, xom_redecorated,
          nicolae_overflow_hidden_temple, grunt_ministairs_10, uniq_maggie
D:7:      layout_rooms, gammafunk_temple_overflow_claw
Temple:   jpeg_temple_alley_garden

Skill      XL: |  1  2  3  4  5  6  7  8 |
---------------+-------------------------+-----
Unarmed Combat | 1 2 3 4 5 6 7 10 | 10.7
Armour         | 1 2 3 |  3.0
Spellcasting   | 2 3 4 |  4.0
Fighting       | |  2.4
Staves         | |  1.1
Throwing       | |  1.0
Dodging        | |  2.1
Stealth        | |  2.6
Shields        | |  1.1

Action                   |  1- 3 |  4- 6 |  7- 9 || total
-------------------------+-------+-------+-------++-------
Melee: Quarterstaff      |    74 |     1 |       ||    75
       Short sword       |       |   250 |   116 ||   366
       Punch             |       |       |     7 ||     7
       Unarmed           |       |       |   102 ||   102
Throw: Dart              |       |       |    41 ||    41
 Abil: Hop               |       |       |     3 ||     3
  Use: Potion            |     1 |     1 |    14 ||    16
       Scroll            |       |     5 |     5 ||    10
 Stab: Sleeping          |     1 |       |       ||     1
Armor: Robe              |     9 |       |       ||     9
       Leather armour    |     9 |       |       ||     9
       Chain mail        |       |   132 |   109 ||   241
Dodge: Dodged            |    65 |    67 |    55 ||   187
Block: Other             |       |       |     1 ||     1

Table legend: (Time is in decaauts)
 A = Elapsed time spent in this place.
 B = Non-inter-level travel time spent in this place.
 C = Inter-level travel time spent in this place.
 D = Time resting spent in this place.
 E = Time spent auto-exploring this place.
 F = Levels seen in this place.
 G = Mean time per level.
                   A        B        C        D        E       F      G
               +--------+--------+--------+--------+--------+-----+--------+
         Total |   8358 |   8164 |    194 |   1799 |   5111 |  10 |  835.8 |
       Dungeon |   7311 |   7146 |    165 |   1395 |   4656 |   7 | 1044.4 |
        Temple |    350 |    322 |     28 |      0 |    305 |   1 |  350.0 |
         Abyss |    340 |    340 |      0 |    277 |      7 |   1 |  340.0 |
         Sewer |    356 |    356 |      0 |    127 |    141 |   1 |  356.0 |
               +--------+--------+--------+--------+--------+-----+--------+

Top non-repeatable levels by time:
     D:5: 1538 daAuts
     D:6: 1423 daAuts
     D:3: 1299 daAuts
     D:1: 1054 daAuts
     D:2: 1019 daAuts
     D:4: 959 daAuts
   Sewer: 356 daAuts
  Temple: 350 daAuts
 Abyss:2: 340 daAuts
     D:7: 17 daAuts
